 Dungeon Crawl Stone Soup version 0.29.1-15-g9cfb28693d (webtiles) character file.

Game seed: 15062776976777201372

407496 croobank the Convoker (level 22, -3/175 HPs)
             Began as a Demonspawn Conjurer on Mar 1, 2023.
             Was an Initiate of Gozag.
             Slain by hyperkahler's ghost (18 damage)
             ... on level 2 of the Vaults on Mar 2, 2023.
             The game lasted 07:09:45 (80835 turns).

croobank the Convoker (Demonspawn Conjurer)        Turns: 80835, Time: 07:09:46

Health: -3/175     AC: 25    Str:  8    XL:     22   Next: 40%
Magic:  0/13       EV: 13    Int: 30    God:    Gozag
Gold:   12203      SH: 11    Dex: 16    Spells: 3/52 levels left

rFire   . . .      SeeInvis +   D - +3 war axe (antimagic)
rCold   + . .      Faith    .   O - +2 buckler
rNeg    . . .      Spirit   +   M - +1 scale mail "Mousuf" {+Blink Int+2 SInv}
rPois   +          Reflect  .   u - +2 hat {SInv}
rElec   .          Harm     .   G - scarf {repulsion}
rCorr   .          Rampage  .   (gloves unavailable)
Will    ++...                   q - +1 pair of boots {Fly}
Stlth   ++++......              N - amulet of magic regeneration
HPRegen 0.39/turn               e - ring of willpower
MPRegen 0.66/turn               U - ring of protection from cold

@: sanguine armoured, on berserk cooldown, flying, studying Poison Magic, repel
missiles
A: claws 3, ignite blood 2, augmentation 2, magic shield, magic regeneration,
magic link, sanguine armour 3, large bone plates 1, thin skeletal structure 1,
poison resistance
}: 2/15 runes: barnacled, gossamer
a: Renounce Religion, Evoke Blink, Potion Petition, Call Merchant, Bribe Branch


You were on level 2 of the Vaults.
You worshipped Gozag.
Gozag was extremely pleased with you.
You visited 8 branches of the dungeon, and saw 38 of its levels.
You also visited: Ice Cave, Volcano and Desolation.

You collected 19022 gold pieces.
You spent 2012 gold pieces at shops.
You paid 4807 gold pieces to Gozag.

Inventory:

Hand Weapons
 a - the +11 falchion of Wapinago {elec, rN+ Will+ Str+7}
   (You found it on level 1 of the Shoals)

   It occasionally discharges a powerful burst of electricity upon striking a
   foe.
   Str:       It affects your strength (+7).
   rN:        It protects you from negative energy.
   Will:      It increases your willpower.
 r - the +7 falchion "Kouxie" {vorpal, rF+ Int+3 Dex+5}
   (You found it in the Desolation of Salt)

   It inflicts extra damage upon your enemies.
   Int:       It affects your intelligence (+3).
   Dex:       It affects your dexterity (+5).
   rF:        It protects you from fire.
 v - the +4 long sword of Conscience {protect, rElec MP+9 Int+5 Dex+4 Stlth-}
   (You found it on level 15 of the Dungeon)

   It grants its wielder temporary protection when it strikes (+7 to AC).
   Int:       It affects your intelligence (+5).
   Dex:       It affects your dexterity (+4).
   rElec:     It insulates you from electricity.
   MP:        It affects your magic capacity (+9).
   Stlth:     It makes you less stealthy.
 B - a +9 scimitar of flaming
 D - a +3 antimagic war axe (weapon)
 Q - the +0 scimitar of the Revolution {pain, *Rage rElec MP-9 Int+10}
   (You found it in the Desolation of Salt)

   In the hands of one skilled in necromantic magic, it inflicts extra damage on
   living creatures.
   Int:       It affects your intelligence (+10).
   rElec:     It insulates you from electricity.
   MP:        It affects your magic capacity (-9).
   *Rage:     It berserks you when you make melee attacks (+20% chance).
 Z - the +9 flail of the Writhing Rat {vorpal, Contam Will+ Int+2}
   (You found it in the Desolation of Salt)

   It inflicts extra damage upon your enemies.
   Int:       It affects your intelligence (+2).
   Contam:    It causes magical contamination when unequipped.
   Will:      It increases your willpower.
Missiles
 c - 5 throwing nets
 y - 16 boomerangs of dispersal
Armour
 q - a +1 pair of boots of flying (worn)
 u - a +2 hat of see invisible (worn)
 E - a +5 ring mail of poison resistance
 G - a scarf of repulsion (worn)
 M - the +1 scale mail "Mousuf" (worn) {+Blink Int+2 SInv}
   (You found it in the Desolation of Salt)

   Int:       It affects your intelligence (+2).
   SInv:      It lets you see invisible.
   +Blink:    It lets you blink.
 O - a +2 buckler (worn)
Jewellery
 e - a ring of willpower (left claw)
 i - the amulet of Ru's Grace {rF+ Regen+ Int+2}
   (You took it off a deep elf blademaster on level 3 of the Elven Halls)

   [amulet of regeneration]

   Int:       It affects your intelligence (+2).
   rF:        It protects you from fire.
   Regen:     It increases your rate of health regeneration.
 j - the ring "Gorchur" {rF+ AC+4}
   (You found it in the Desolation of Salt)

   [ring of protection]

   AC:        It affects your AC (+4).
   rF:        It protects you from fire.
 l - a ring of protection from fire
 o - the amulet "Zoykhe" {Spirit +Blink rF+}
   (You found it in the Desolation of Salt)

   [amulet of guardian spirit]

   It causes incoming damage to be divided between your reserves of health and
   magic.
   rF:        It protects you from fire.
   +Blink:    It lets you blink.
 w - the ring "Wuxadiq" {Drain rC+ rN+ Dex+10}
   (You found it in an ice cave)

   [ring of protection from cold]

   Dex:       It affects your dexterity (+10).
   rC:        It protects you from cold.
   rN:        It protects you from negative energy.
   Drain:     It drains your maximum health when unequipped.
 I - a ring of resist corrosion
 N - an amulet of magic regeneration (around neck)
 T - a +6 ring of intelligence
 U - a ring of protection from cold (right claw)
 V - the amulet of Departure {Spirit rC+ rCorr}
   (You found it in the Desolation of Salt)

   [amulet of guardian spirit]

   It causes incoming damage to be divided between your reserves of health and
   magic.
   rC:        It protects you from cold.
   rCorr:     It protects you from acid and corrosion.
 W - a +4 ring of slaying
 Y - a ring of protection from cold
Wands
 k - a wand of paralysis (16)
 p - a wand of digging (2)
 s - a wand of acid (8)
 F - a wand of flame (45)
 J - a wand of mindburst (6)
 X - a wand of roots (19)
Scrolls
 b - a scroll of silence
 n - 17 scrolls of teleportation
 x - a scroll of magic mapping
 z - a scroll of immolation
 H - 5 scrolls of fear
 P - 8 scrolls of vulnerability
 R - 3 scrolls of blinking
Potions
 f - 15 potions of curing
 g - 7 potions of brilliance
 h - a potion of magic
 t - 4 potions of berserk rage
 C - a potion of cancellation
 L - 8 potions of haste
 S - 12 potions of ambrosia
Miscellaneous
 d - a lightning rod (inert)
 m - a phantom mirror (inert)
 A - a box of beasts (inert)


   Skills:
 - Level 15.0 Fighting
 - Level 8.0 Armour
 + Level 15.4 Dodging
 - Level 9.3 Stealth
 - Level 5.0 Shields
 + Level 15.5 Spellcasting
 - Level 8.9 Conjurations
 - Level 5.0 Hexes
 - Level 16.8 Summonings
 + Level 14.7 Translocations
 + Level 13.7 Transmutations
 - Level 6.2 Fire Magic


You had 3 spell levels left.
You knew the following spells:

 Your Spells              Type           Power      Damage    Failure   Level
a - Foxfire               Conj/Fire      100%       2x1d9     1%          1
b - Iskenderun's Mystic   Conj/Tloc      76%        2d15      1%          4
c - Call Canine Familiar  Summ           90%        N/A       1%          3
d - Summon Guardian Gole  Hex/Summ       73%        N/A       1%          3
e - Summon Lightning Spi  Summ/Air       65%        N/A       5%          4
f - Summon Mana Viper     Hex/Summ       73%        N/A       5%          5
g - Summon Cactus Giant   Summ           45%        N/A       2%          6
h - Summon Forest         Summ/Tloc      43%        N/A       1%          5
i - Irradiate             Conj/Tmut      37%        3d24      4%          5
j - Dazzling Flash        Conj/Hex       100%       N/A       3%          3
k - Fulminant Prism       Conj/Hex       30%        3d16      10%         4
l - Tukima's Dance        Hex            52%        N/A       7%          3
m - Inner Flame           Hex/Fire       54%        N/A       5%          3

Your spell library contained the following spells:

 Spells                   Type           Power      Damage    Failure   Level
 Beastly Appendage        Tmut           100%       N/A       1%          1
 Magic Dart               Conj           100%       1d8       1%          1
 Sting                    Tmut/Pois      100%       1d8       1%          1
 Summon Small Mammal      Summ           100%       N/A       1%          1
 Scorch                   Fire           100%       2d10      1%          2
 Searing Ray              Conj           100%       2d8       1%          2
 Conjure Flame            Conj/Fire      62%        6-21      2%          3
 Ignite Poison            Fire/Tmut/Pois 58%        N/A       3%          3
 Spider Form              Tmut/Pois      59%        N/A       3%          3
 Ensorcelled Hibernation  Hex/Ice        76%        N/A       10%         2
 Freeze                   Ice            92%        1d10      19%         1
 Necrotise                Necr           92%        1d8       19%         1
 Frozen Ramparts          Ice            46%        1d7       47%         3
 Vampiric Draining        Necr           23%        2d7       47%         3
 Passage of Golubria      Tloc           84%        N/A       1%          4
 Blade Hands              Tmut           41%        N/A       1%          5
 Animate Armour           Summ/Erth      100%       N/A       5%          4
 Summon Ice Beast         Ice/Summ       65%        N/A       5%          4
 Flame Wave               Conj/Fire      62%        2d14      8%          4
 Sticky Flame             Conj/Fire      62%        2d8       8%          4
 Ice Form                 Ice/Tmut       59%        N/A       11%         4
 Yara's Violent Unravell  Hex/Tmut       34%        3d14      11%         5
 Monstrous Menagerie      Summ           45%        N/A       16%         7
 Hailstorm                Conj/Ice       50%        3d11      28%         4
 Alistair's Intoxication  Tmut/Pois      39%        N/A       28%         5
 Dragon Form              Tmut           41%        N/A       47%         7
 Spellforged Servitor     Conj/Summ      39%        N/A       58%         7
 Starburst                Conj/Fire      31%        6d9       77%         6
 Freezing Cloud           Conj/Ice/Air   20%        6-21      82%         5
 Eringya's Noxious Bog    Tmut/Pois      29%        N/A       85%         6
 Statue Form              Tmut/Erth      39%        N/A       85%         6
 Dispel Undead            Necr           23%        3d12      87%         4
 Silence                  Hex/Air        19%        N/A       87%         5
 Agony                    Necr           23%        N/A       99%         5
 Borgnjor's Vile Clutch   Necr/Erth      11%        N/A       99%         5
 Lee's Rapid Deconstruct  Erth           11%        3d9*      99%         5
 Iron Shot                Conj/Erth      25%        9d5       99%         6
 Haunt                    Necr/Summ      32%        N/A       99%         7
 Death Channel            Necr           11%        N/A       100%        6
 Storm Form               Tmut/Air       29%        N/A       100%        7
 Infestation              Necr           11%        N/A       100%        8
 Maxwell's Capacitive Co  Air            11%        ∞         100%        8
 Shatter                  Erth           11%        3d12*     100%        9
 Animate Dead             Necr           Unusable   N/A       N/A         4
 Corpse Rot               Necr/Pois/Air  Unusable   N/A       N/A         4
 Simulacrum               Ice/Necr       Unusable   N/A       N/A         6

Dungeon Overview and Level Annotations

Branches:
Dungeon (15/15)            Temple (1/1) D:5            Lair (5/5) D:10
 Shoals (4/4) Lair:2       Spider (4/4) Lair:2        Slime (0/5) Lair:5
    Orc (2/2) D:12            Elf (3/3) Orc:2        Vaults (4/5) D:13
  Crypt (0/3) Vaults:2     Depths (0/4) D:15          IceCv (visited)
Volcano (visited)         Desolation (visited)

Altars:
Ashenzari
Dithmenos
Fedhas
Gozag
Hepliaklqana
Kikubaaqudgha
Makhleb
Nemelex Xobeh
Okawaru
Qazlal
Ru
Sif Muna
Trog
Uskayaw
Vehumet
Wu Jian
Xom
Yredelemnul
Jiyva

Shops:
D:6 (   D:7 *([=*?   D:10 [   D:14 [   Orc:2 ([*:   Elf:3 :   Shoals:3 =
Vaults:2 !

Annotations:
Shoals:1 3 runed translucent doors, exclusion: obsidian statue, Jiugiafe's ghost, journeyman MiFi
Vaults:2 hyperkahler's ghost, veteran MiFi


Innate Abilities, Weirdness & Mutations

You have claws for hands.
Your demonic aura often causes spilled blood to erupt in flames.
Your magical and physical power is enhanced at high health.
When hurt, damage is shared between your health and your magic reserves.
You regenerate magic rapidly.
When low on magic, you restore magic in place of health.
When seriously injured, your blood forms very thick armour. (AC +12)
You are partially covered in large bone plates. (SH +4)
You have a somewhat thin skeletal structure. (Dex +2, Stealth+)
Your system is resistant to poisons. (rPois)


Message History

You swap places.
Your cactus giant disappears in a puff of smoke!
Casting: Summon Mana Viper (mildly dangerous; 5% risk of failure)
Confirm with . or Enter, or press ? or * to list all spells.
An electric hum fills the air.
Casting: Summon Lightning Spire (mildly dangerous; 5% risk of failure)
Confirm with . or Enter, or press ? or * to list all spells.
Casting: Summon Cactus Giant (mildly dangerous; 2% risk of failure)
Confirm with . or Enter, or press ? or * to list all spells.
You swap places.
You feel a little less mighty now.
Your mana viper disappears in a puff of smoke!
Your lightning spire shoots out a bolt of lightning at hyperkahler's ghost!
The bolt of electricity hits hyperkahler's ghost.
Hyperkahler's ghost resists.
Hyperkahler's ghost casts a spell.
Hyperkahler's ghost blinks!
Your cactus giant misses hyperkahler's ghost.
Hyperkahler's ghost misses you. Hyperkahler's ghost hits you!!
* * * LOW HITPOINT WARNING * * *
Your larval shocksting beast misses hyperkahler's ghost.
You swap places.
Your larval shocksting beast is engulfed in blazing flames.
Your larval shocksting beast closely misses hyperkahler's ghost. x2
Hyperkahler's ghost hits your cactus giant!!
Your cactus giant barely misses hyperkahler's ghost.
You feel yourself speed up.
Your larval shocksting beast is engulfed in blazing flames.
Your larval shocksting beast bursts into living lightning!
The living lightning misses hyperkahler's ghost.
Your larval shocksting beast blinks!
Hyperkahler's ghost casts a spell.
Hyperkahler's ghost blinks!
Your warg completely misses hyperkahler's ghost.
Your lightning spire shoots out a bolt of lightning at hyperkahler's ghost!
The bolt of electricity misses hyperkahler's ghost.
Hyperkahler's ghost says, "Are you willing to die fighting?
I was!"
Hyperkahler's ghost hits you!!
You die...
Your body crumbles into a pile of gold.

#........# #......# #...
#######'#########'#######'#
#..........................
#..........................
#..........................
#....................#####'
#....................#.....
#.....################.#### ##
#.....#...@8H........'..... ^#
#..)..#...WhC§....)..#.#### .####
#.....#..##########..#.#... +#..#
#.....#..#...∩.∩.∩#..#.#.#. .+..#
#.....#..#[.......#..#.#.#)
'#'####.....#..#(:..P...$..#.#.##
.'.'..#.....#..#[.......#.!#.#...
.###..'.....#..#.∩.∩.∩.∩#..#.####
##..###.....#..##########..#.....


You could see hyperkahler's ghost (ally target), a friendly larval shocksting
beast (summoned), a friendly cactus giant (summoned), a friendly warg (summoned)
and a friendly lightning spire (summoned).

Vanquished Creatures
  Mennas (Vaults:2)
  Sojobo (Vaults:3)
  Zenata (Elf:3)
  A deep elf master archer (Elf:3)
  A deep elf blademaster (Elf:3)
  2 sphinxes
  Polyphemus (Shoals:3)
  Gastronok (Lair:2)
  2 tengu reavers (Vaults:3)
  5 emperor scorpions (Spider:4)
  An imperial myrmidon (Desolation)
  4 deep elf sorcerers
  An orc warlord (Orc:2)
  A vault warden (Vaults:4)
  Aizul (Vaults:3)
  2 ghost moths (Spider:4)
  A broodmother (Spider:3)
  6 ironbound preservers
  2 very ugly things (Vaults:3)
  2 ironbound thunderhulks (Vaults:1)
  6 dire elephants
  2 deep elf demonologists (Elf:3)
  3 deep elf annihilators
  A minotaur (Shoals:4)
  2 halazid warlocks (Desolation)
  Snorg (Orc:2)
  A merfolk impaler (Shoals:2)
  2 deep elf death magi (Elf:3)
  3 ragged hierophants (Desolation)
  A great orb of eyes (Vaults:2)
  A merfolk javelineer (Shoals:4)
  3 yaktaur captains
  4 boulder beetles
  6 hydras
  An ogre mage (D:14)
  A jorogumo (Spider:4)
  3 catoblepae
  2 servants of whispers (Desolation)
  A radroach (Spider:2)
  10 centaur warriors
  2 ironbound frosthearts (Vaults:1)
  2 alligator snapping turtles (Shoals:4)
  A satyr (Shoals:4)
  3 tengu warriors
  An alligator (Lair:3)
  8 dancing weapons
  2 two-headed ogres (D:14)
  A merfolk aquamancer (Shoals:4)
  8 death yaks
  A death scarab (Spider:4)
  10 deep elf knights
  4 pharaoh ants
  A skeletal warrior (Vaults:2)
  A salamander mystic (Volcano)
  An obsidian statue (IceCv)
  8 sea snakes
  14 deep trolls
  2 orb spiders (Spider:3)
  4 wizards
  3 necromancers
  A spriggan simulacrum (IceCv)
  2 bog bodies (IceCv)
  5 ironbound convokers
  A lindwurm (Vaults:2)
  12 harpies
  9 deep elf archers
  23 deep elf pyromancers
  19 ugly things
  4 orc knights
  19 deep elf zephyrmancers
  An oklob plant (Shoals:3)
  2 orc sorcerers
  4 fauns
  2 wolf spiders
  7 cyclopes
  11 manticores
  11 elephants
  2 merfolk sirens
  5 black mambas
  4 vault sentinels
  2 guardian serpents (Desolation)
  2 molten gargoyles
  2 torpor snails
  Maurice (Orc:2)
  2 gargoyles (D:13)
  9 cane toads
  Maggie (D:7)
  5 water nymphs
  An unseen horror (D:10)
  3 demonic crawlers
  9 nameless horrors
  A centaur skeleton (D:15)
  2 kobold demonologists (D:14)
  2 rime drakes
  9 komodo dragons
  2 freezing wraiths (IceCv)
  4 yaktaurs
  A tengu conjurer (D:14)
  A yaktaur skeleton (Vaults:2)
  An anaconda simulacrum (IceCv)
  18 merfolk
  6 polar bears
  A merfolk (shapeshifter) (Elf:3)
  2 trolls (D:14)
  5 meliai
  A queen bee (D:12)
  7 tarantellas
  2 hornets
  2 wind drakes
  10 slime creatures
  17 jumping spiders
  17 saltlings (Desolation)
  14 blink frogs
  3 dream sheep
  Sigmund (D:5)
  A centaur simulacrum (D:15)
  An ettin skeleton (Vaults:2)
  An air elemental (Elf:3)
  A shadow (D:11)
  8 culicivoras
  2 dire elephant simulacra (IceCv)
  8 water elementals
  2 wraiths
  3 fire elementals
  3 wyverns
  A basilisk (Lair:4)
  3 steam dragons
  31 yaks
  A minotaur simulacrum (IceCv)
  3 vampire mosquitoes
  23 redbacks
  A harpy simulacrum (IceCv)
  Menkaure (D:6)
  7 wargs
  An acid dragon (D:12)
  6 water moccasins
  4 black bears
  13 orc warriors
  An ettin simulacrum (IceCv)
  2 ogres
  9 wolves
  A boggart (Vaults:4)
  9 centaurs
  3 phantoms
  5 kobold brigands
  Blork the orc (D:6)
  6 bullfrogs
  2 gnoll sergeants
  An elf skeleton (D:5)
  A deep troll simulacrum (IceCv)
  2 scorpions (D:6)
  3 wights
  A lindwurm simulacrum (IceCv)
  24 killer bees
  3 howler monkeys
  3 electric eels
  2 hounds
  A human zombie (D:5)
  17 orc priests
  A gnoll bouda (D:8)
  2 jellies (Lair:5)
  2 iguanas
  Jessica (D:2)
  A boggart zombie (D:15)
  7 human skeletons
  Ijyb (D:4)
  25 orc wizards
  A boggart skeleton (D:15)
  Robin (D:2)
  18 gnolls
  3 adders
  2 shadow imps
  A white imp (D:7)
  2 ufetubi (D:5)
  5 worms
  67 orcs
  12 endoplasms
  5 giant cockroaches
  19 goblins
  14 hobgoblins
  14 jackals
  A quokka (D:3)
  4 bats
  6 frilled lizards
  14 kobolds
  An orc zombie (D:5)
  4 rats
  3 fulminant prisms
  5 snaplasher vines
942 creatures vanquished.

Vanquished Creatures (collateral kills)
  Mara (Vaults:3)
  2 deep elf blademasters
  A lich (IceCv)
  3 sphinxes
  An ancient champion (Vaults:2)
  Donald (Shoals:2)
  Roxanne (Spider:1)
  Ilsuiw (Shoals:2)
  2 deep elf sorcerers (Elf:3)
  2 orc warlords (Vaults:2)
  An imperial myrmidon (Desolation)
  6 vault wardens
  A ghost moth (Spider:4)
  7 ironbound preservers
  2 angels (Vaults:4)
  4 deep elf elementalists
  3 very ugly things
  2 ironbound thunderhulks
  A broodmother (Spider:3)
  A war gargoyle (Vaults:1)
  3 deep elf demonologists (Elf:3)
  A halazid warlock (Desolation)
  Azrael (Spider:3)
  8 dire elephants
  4 deep elf annihilators
  2 entropy weavers
  7 deep elf death magi
  A merfolk javelineer (Shoals:4)
  2 crystal guardians (Desolation)
  3 deep elf high priests
  A yaktaur captain (Vaults:1)
  3 great orbs of eyes
  2 merfolk impalers
  2 ragged hierophants (Desolation)
  4 servants of whispers (Desolation)
  A catoblepas (Shoals:3)
  A caustic shrike simulacrum (IceCv)
  A merfolk avatar (Shoals:3)
  4 boulder beetles
  9 centaur warriors
  2 hydras
  13 peacekeepers
  2 alligator snapping turtles
  A jorogumo (Spider:4)
  A radroach (Spider:4)
  3 two-headed ogres
  5 satyrs (Shoals:4)
  17 dancing weapons
  9 ironbound frosthearts
  A merfolk aquamancer (Shoals:3)
  2 tengu warriors
  6 death yaks
  A deep troll earth mage (D:14)
  3 orc high priests
  11 deep elf knights
  7 pharaoh ants
  4 sea snakes
  2 sun moths
  3 skeletal warriors (Vaults:2)
  4 steelbarb worms
  An orb spider (shapeshifter) (Elf:1)
  A bog body (IceCv)
  30 deep trolls
  A sea snake (shapeshifter) (D:14)
  5 deep elf archers
  A glowing orange brain (Vaults:4)
  A storm dragon skeleton (Vaults:1)
  9 orb spiders
  22 deep elf pyromancers
  6 wizards
  10 orc knights
  21 harpies
  10 ironbound convokers
  2 orc sorcerers (Orc:2)
  3 lindwurms (Vaults:2)
  16 wolf spiders
  10 fauns
  6 cyclopes
  6 manticores
  An oklob plant (Shoals:3)
  7 deep elf zephyrmancers
  26 ugly things
  3 moths of wrath
  3 merfolk sirens
  An elephant (Lair:5)
  11 vault sentinels
  2 water nymphs
  A guardian serpent (Desolation)
  2 naga magi (D:15)
  A gargoyle (Volcano)
  2 torpor snails (Spider:1)
  2 cane toads
  A molten gargoyle (Volcano)
  A kobold demonologist (D:14)
  An ice devil (IceCv)
  7 demonic crawlers
  An unseen horror (D:12)
  A komodo dragon (Lair:4)
  17 yaktaurs
  An efreet (D:15)
  6 freezing wraiths (IceCv)
  A polar bear (Lair:5)
  3 trolls (D:14)
  8 merfolk
  5 human skeletons
  7 nameless horrors
  A raiju (D:14)
  5 wind drakes
  42 saltlings (Desolation)
  5 hornets (Spider:4)
  19 tarantellas
  3 meliai (Spider:3)
  23 slime creatures
  An ettin zombie (Vaults:1)
  2 dream sheep (Shoals:3)
  4 snapping turtles
  A blink frog (Lair:2)
  An ettin skeleton (Vaults:2)
  21 culicivoras
  21 jumping spiders
  A centaur simulacrum (D:15)
  An air elemental (Elf:3)
  A shadow (D:12)
  3 fire elementals
  2 dire elephant simulacra (IceCv)
  8 water elementals
  3 yaks
  47 redbacks
  2 vampire mosquitoes
  3 wargs
  3 harpy simulacra (IceCv)
  2 water moccasins (Lair:2)
  8 hell hounds
  A hydra simulacrum (IceCv)
  11 orc warriors
  An ettin simulacrum (IceCv)
  2 alligator simulacra (IceCv)
  A black bear (Lair:1)
  An ogre (D:12)
  4 boggarts (Vaults:4)
  2 centaurs
  A tengu (shapeshifter) (Elf:1)
  2 wolves (Lair:5)
  A gnoll sergeant (D:13)
  3 earth elementals
  A lindwurm simulacrum (IceCv)
  3 killer bees (D:13)
  6 orc priests
  4 orc wizards
  A gnoll (D:13)
  19 orcs
  63 foxfires
843 creatures vanquished.

Vanquished Creatures (others)
  A very ugly thing (IceCv)
  An entropy weaver (Spider:4)
  3 boulder beetles
  3 hydras
  A caustic shrike simulacrum (IceCv)
  Erica (Lair:2)
  A two-headed ogre (D:14)
  A centaur warrior (D:15)
  2 death yaks (Lair:2)
  A deep troll shaman (Lair:5)
  A dancing weapon (Elf:2)
  A tengu warrior (D:13)
  A deep elf knight (Elf:3)
  Sonja (Lair:2)
  A spriggan simulacrum (IceCv)
  A deep elf pyromancer (Elf:2)
  An orc knight (Orc:1)
  7 ugly things
  A deep elf zephyrmancer (Elf:2)
  A cyclops (D:14)
  A faun (Shoals:3)
  2 manticores
  2 black mambas
  6 elephants
  4 cane toads
  4 freezing wraiths (IceCv)
  An anaconda simulacrum (IceCv)
  2 polar bears (Lair:1)
  2 trolls
  A meliai (D:14)
  2 blink frogs (Lair:5)
  6 slime creatures
  A snapping turtle (Shoals:1)
  A wyvern (D:10)
  10 yaks
  A minotaur simulacrum (IceCv)
  2 harpy simulacra (IceCv)
  3 vampire mosquitoes
  A warg (D:14)
  2 water moccasins
  A hydra simulacrum (IceCv)
  2 orc warriors (Orc:2)
  3 black bears (Lair:1)
  An ettin simulacrum (IceCv)
  4 wolves (Lair:3)
  5 centaurs (D:11)
  3 bullfrogs
  A lindwurm simulacrum (IceCv)
  A killer bee (D:13)
  2 orc wizards
  2 orcs
  3 bushes
  4049 foxfires
  27 fulminant prisms
  34 fungi
  150 plants
  36 snaplasher vines
4409 creatures vanquished.

Grand Total: 6194 creatures vanquished

Notes
Turn   | Place    | Note
-------+----------+-------------------------------------------
     0 | D:1      | croobank the Demonspawn Conjurer began the quest for the
                  | Orb.
     0 | D:1      | Reached XP level 1. HP: 13/13 MP: 3/3
   149 | D:1      | Gained mutation: Your demonic aura sometimes causes spilled
                  | blood to erupt in flames. [demonic ancestry]
   149 | D:1      | Reached XP level 2. HP: 7/19 MP: 1/5
   349 | D:1      | Learned a level 2 spell: Searing Ray
   777 | D:1      | Found a faded altar of an unknown god.
  1462 | D:2      | Gained mutation: Your demonic aura often causes spilled
                  | blood to erupt in flames. [demonic ancestry]
  1462 | D:2      | Reached XP level 3. HP: 16/24 MP: 0/6
  1758 | D:2      | Noticed Jessica
  1763 | D:2      | Killed Jessica
  1819 | D:2      | Noticed Robin
  1855 | D:3      | Gained mutation: You have sharp fingernails. [demonic
                  | ancestry]
  1855 | D:3      | Reached XP level 4. HP: 4/30 MP: 1/7
  3189 | D:2      | Killed Robin
  3462 | D:3      | Found a burning altar of Makhleb.
  3685 | D:3      | Gained mutation: You regenerate magic rapidly. [demonic
                  | ancestry]
  3685 | D:3      | Reached XP level 5. HP: 35/35 MP: 2/9
  3713 | D:3      | Found the +1 Delatra's gloves {ID++}
  3917 | D:3      | Noticed a phantom
  3923 | D:3      | Killed a phantom
  3924 | D:3      | Reached skill level 5 in Conjurations
  3924 | D:3      | Gained mutation: You have very sharp fingernails. [demonic
                  | ancestry]
  3924 | D:3      | Reached XP level 6. HP: 26/41 MP: 1/11
  5031 | D:4      | Found a hazy altar of Hepliaklqana.
  5227 | D:4      | Learned a level 3 spell: Dazzling Flash
  5648 | D:4      | Noticed Ijyb
  5657 | D:4      | Killed Ijyb
  5787 | D:5      | Entered Level 5 of the Dungeon
  6309 | D:5      | Found a staircase to the Ecumenical Temple.
  6323 | Temple   | Entered the Ecumenical Temple
  6391 | Temple   | Became a worshipper of Gozag Ym Sagoz the Greedy
  6437 | D:5      | Reached skill level 1 in Fighting
  6437 | D:5      | Reached skill level 1 in Armour
  6437 | D:5      | Gained mutation: When hurt, damage is shared between your
                  | health and your magic reserves. [demonic ancestry]
  6437 | D:5      | Reached XP level 7. HP: 22/48 MP: 5/12
  6485 | D:5      | Noticed Sigmund
  6497 | D:5      | Killed Sigmund
  6498 | D:5      | Reached skill level 1 in Hexes
  6861 | D:5      | Reached XP level 8. HP: 57/57 MP: 6/14
  7469 | D:6      | Noticed Menkaure
  7473 | D:6      | Killed Menkaure
  7502 | D:6      | Identified the +1 leather armour "Bekkurug" {rElec rN+
                  | Int-2 Dex+5}
  7506 | D:6      | Identified the +5 chain mail of True Grit {Int+2}
  7930 | D:6      | Noticed Blork the orc
  7935 | D:6      | Killed Blork the orc
  8220 | D:6      | Found Notsoad's Weapon Boutique.
  8469 | D:6      | Learned a level 4 spell: Fulminant Prism
  8511 | D:7      | Found Owiarybudo's Assorted Antiques.
  8511 | D:7      | Found Kocacy's Jewellery Shoppe.
  8513 | D:7      | Found Eggydghaehi's Antique Weapon Boutique.
  8513 | D:7      | Found Ezuulimn's Assorted Antiques.
  8515 | D:7      | Found Qusuyhol's Armour Shop.
  8515 | D:7      | Found Maajoco's Magic Scroll Shoppe.
  8527 | D:7      | Bought a scroll of enchant weapon for 142 gold pieces
  8527 | D:7      | Bought a scroll labelled KINYUT QIJUAN LORPH for 19 gold
                  | pieces
  8527 | D:7      | Bought a scroll of identify for 38 gold pieces
  8563 | D:7      | Learned a level 4 spell: Iskenderun's Mystic Blast
  8708 | D:7      | Gained mutation: When seriously injured, your blood forms
                  | armour. (AC +12) [demonic ancestry]
  8708 | D:7      | Reached XP level 9. HP: 66/66 MP: 11/15
  8982 | D:7      | Noticed Maggie
  9016 | D:7      | Reached skill level 5 in Stealth
  9019 | D:7      | Killed Maggie
  9610 | D:8      | Reached skill level 5 in Spellcasting
  9610 | D:8      | Reached skill level 1 in Translocations
  9896 | D:8      | Reached skill level 5 in Dodging
 10177 | D:8      | Reached skill level 5 in Fighting
 10909 | D:9      | Learned a level 3 spell: Summon Guardian Golem
 10933 | D:9      | Reached XP level 10. HP: 67/69 MP: 14/18
 11083 | D:8      | Reached skill level 1 in Summonings
 12114 | D:9      | Reached skill level 5 in Hexes
 12318 | D:9      | Reached skill level 2 in Summonings
 12983 | D:10     | Entered Level 10 of the Dungeon
 13098 | D:10     | Reached skill level 5 in Armour
 13105 | D:10     | Reached skill level 3 in Summonings
 13350 | D:10     | Noticed a boulder beetle
 13403 | D:10     | Killed a boulder beetle
 13508 | D:10     | Learned a level 1 spell: Foxfire
 13550 | D:10     | Found an ornate altar of the Wu Jian Council.
 13701 | D:10     | Found an ancient bone altar of Kikubaaqudgha.
 13812 | D:10     | Found Qeegin's Antique Armour Emporium.
 13933 | D:7      | Bought a ring of willpower for 325 gold pieces
 13933 | D:7      | Bought a +6 ring of intelligence for 468 gold pieces
 14127 | D:10     | Gained mutation: You have claws for hands. [demonic
                  | ancestry]
 14127 | D:10     | Reached XP level 11. HP: 81/81 MP: 20/20
 14134 | D:10     | Found a staircase to the Lair.
 14215 | D:10     | Found a shadowy altar of Dithmenos.
 14476 | D:11     | Noticed an eight-headed hydra
 14513 | D:11     | Killed an eight-headed hydra
 14674 | D:11     | Learned a level 3 spell: Call Canine Familiar
 14693 | D:11     | Reached skill level 4 in Summonings
 15163 | D:11     | Reached skill level 1 in Fire Magic
 15182 | D:11     | Noticed a three-headed hydra
 15188 | D:11     | Killed a three-headed hydra
 16270 | Lair:1   | Entered Level 1 of the Lair of Beasts
 16559 | Lair:1   | Reached skill level 5 in Summonings
 17791 | Lair:2   | Reached XP level 12. HP: 89/89 MP: 18/23
 17829 | Lair:2   | Noticed a boulder beetle
 17842 | Lair:2   | Noticed Sonja
 17849 | Lair:2   | Killed a boulder beetle
 17860 | Lair:2   | Noticed Erica
 17876 | Lair:2   | Killed Erica
 17876 | Lair:2   | Killed Sonja
 17888 | Lair:2   | Noticed Gastronok
 17920 | Lair:2   | Killed Gastronok
 17921 | Lair:2   | Reached skill level 6 in Summonings
 18122 | Lair:2   | Found a hole to the Spider Nest.
 18657 | Lair:2   | Noticed a death yak
 18657 | Lair:2   | Noticed a death yak
 18663 | Lair:2   | Noticed a death yak
 18664 | Lair:2   | Noticed a death yak
 18666 | Lair:2   | Noticed a death yak
 18672 | Lair:2   | Killed a death yak
 18672 | Lair:2   | Killed a death yak
 18676 | Lair:2   | Killed a death yak
 18683 | Lair:2   | Killed a death yak
 18698 | Lair:2   | Killed a death yak
 18877 | Lair:2   | Identified 2 scrolls of acquirement
 18879 | Lair:2   | Acquired a staff of conjuration
 18882 | Lair:2   | Acquired the Folio of the Ruinous Oath
 18934 | Lair:2   | Reached skill level 7 in Summonings
 19214 | Lair:2   | Found a staircase to the Shoals.
 19220 | Lair:2   | Noticed a catoblepas
 19221 | Lair:2   | Noticed a seven-headed hydra
 19224 | Lair:2   | Reached skill level 5 in Translocations
 19239 | Lair:2   | Killed a seven-headed hydra
 19296 | Lair:2   | Killed a catoblepas
 19695 | Lair:2   | Reached XP level 13. HP: 48/96 MP: 14/25
 20145 | Lair:2   | Learned a level 5 spell: Irradiate
 20374 | Lair:3   | Found an iron altar of Okawaru.
 21089 | Lair:3   | Reached skill level 1 in Transmutations
 21889 | Lair:3   | Reached skill level 8 in Summonings
 23814 | Lair:5   | Entered Level 5 of the Lair of Beasts
 25114 | Lair:5   | Reached skill level 5 in Fire Magic
 25479 | Lair:5   | Gained mutation: When seriously injured, your blood forms
                  | thick armour. (AC +12) [demonic ancestry]
 25479 | Lair:5   | Reached XP level 14. HP: 83/105 MP: 21/27
 25492 | Lair:5   | Reached skill level 10 in Spellcasting
 26144 | Lair:5   | Reached skill level 9 in Summonings
 26536 | Lair:5   | Learned a level 6 spell: Summon Cactus Giant
 28269 | Lair:5   | Found a viscous altar of Jiyva.
 28270 | Lair:5   | Found a staircase to the Slime Pits.
 30065 | D:10     | Bought a shiny buckler for 195 gold pieces
 31007 | D:12     | Reached skill level 1 in Shields
 31178 | D:12     | Found a staircase to the Orcish Mines.
 31694 | D:13     | Found an iron altar of Okawaru.
 31706 | D:13     | Reached skill level 10 in Summonings
 32199 | Orc:1    | Entered Level 1 of the Orcish Mines
 32761 | Orc:2    | Entered Level 2 of the Orcish Mines
 32762 | Orc:2    | Acquired a +1 pair of boots of flying
 32785 | Orc:2    | Found a dark tunnel.
 32802 | Volcano  | Entered a volcano
 32884 | Volcano  | Noticed an orb of fire
 32913 | Volcano  | Noticed an orb of fire
 33684 | Orc:2    | Gained mutation: Your magical and physical power is
                  | slightly enhanced at high health. [demonic ancestry]
 33684 | Orc:2    | Reached XP level 15. HP: 101/113 MP: 14/29
 33850 | Orc:2    | Noticed Snorg
 33860 | Orc:2    | Killed Snorg
 33872 | Orc:2    | Gained mutation: You have a pair of small horns on your
                  | head. [mutagenic glow]
 33901 | Orc:2    | Found a staircase to the Elven Halls.
 34605 | Orc:2    | Noticed an orc warlord
 34643 | Orc:2    | Killed an orc warlord
 34896 | Orc:2    | Learned a level 5 spell: Summon Forest
 34973 | Orc:2    | Noticed Maurice
 34987 | Orc:2    | Killed Maurice
 35036 | Orc:2    | Found Yradd's Antique Weapon Shop.
 35107 | Orc:2    | Found Buaduc's Antique Armour Boutique.
 35419 | Orc:2    | Found Veguu's Assorted Antiques.
 35662 | Orc:2    | Found Biocair's Book Shop.
 35674 | Orc:2    | Bought a book of the Sky for 572 gold pieces
 37736 | D:13     | Found a gate to the Vaults.
 38090 | D:14     | Found a frozen archway.
 38112 | IceCv    | Entered an ice cave
 39162 | IceCv    | Reached skill level 11 in Summonings
 39162 | IceCv    | Reached skill level 5 in Transmutations
 39173 | IceCv    | Noticed a lich
 39179 | IceCv    | Killed a lich
 39661 | IceCv    | Gained mutation: You occasionally lose the ability to drink
                  | potions when taking damage. [mutagenic glow]
 40048 | IceCv    | Found an ancient bone altar of Kikubaaqudgha.
 40066 | IceCv    | Identified the +4 chain mail of Ru's Whim {Int+6}
 40157 | IceCv    | Identified the ring "Wuxadiq" {Drain rC+ rN+ Dex+10}
 40398 | D:14     | Gained mutation: Your magical and physical power is
                  | enhanced at high health. [demonic ancestry]
 40398 | D:14     | Reached XP level 16. HP: 109/121 MP: 25/31
 40398 | D:14     | Lost mutation: You have a pair of small horns on your head.
                  | [potion of mutation]
 40398 | D:14     | Lost mutation: You occasionally lose the ability to drink
                  | potions when taking damage. [potion of mutation]
 40398 | D:14     | Gained mutation: You are partially covered in large bone
                  | plates. (SH +4) [potion of mutation]
 40398 | D:14     | Gained mutation: You have a somewhat thin skeletal
                  | structure. (Dex +2, Stealth+) [potion of mutation]
 40398 | D:14     | Gained mutation: Your system is resistant to poisons.
                  | (rPois) [potion of mutation]
 41428 | D:14     | Reached skill level 10 in Fighting
 41705 | D:14     | Identified the amulet of the Sixty-Six People {RegenMP rC-
                  | Regen+ Int-2 Dex+9}
 41919 | D:14     | Reached skill level 12 in Summonings
 42021 | D:14     | Found Kubanej's Antique Armour Boutique.
 42102 | D:14     | Found a blossoming altar of Fedhas.
 42186 | D:14     | Reached skill level 5 in Shields
 42383 | D:15     | Entered Level 15 of the Dungeon
 42714 | D:15     | Identified the +4 long sword of Conscience {protect, rElec
                  | MP+9 Int+5 Dex+4 Stlth-}
 43145 | D:15     | Found a staircase to the Depths.
 43945 | Orc:2    | Learned a level 5 spell: Summon Mana Viper
 44142 | Spider:1 | Entered Level 1 of the Spider Nest
 44554 | Spider:1 | Reached XP level 17. HP: 126/127 MP: 22/33
 44733 | Spider:1 | Reached skill level 10 in Dodging
 44757 | Spider:1 | Reached skill level 13 in Summonings
 44761 | Spider:1 | Identified the +1 ring mail "Vywnyike" {Int+4 Stlth+}
 45837 | Spider:1 | Identified Roxanne's Spellbook of Shapes
 45837 | Spider:1 | Noticed Roxanne
 45867 | Spider:1 | Killed Roxanne
 46315 | D:7      | Bought a scroll of enchant weapon for 97 gold pieces
 47645 | Spider:3 | Noticed Azrael
 47660 | Spider:3 | Killed Azrael
 49112 | Spider:4 | Entered Level 4 of the Spider Nest
 49116 | Spider:4 | Reached skill level 14 in Summonings
 50207 | Spider:4 | Got a gossamer rune of Zot
 50489 | Spider:4 | Got the Compendium of Deathly Calling
 50539 | Spider:4 | HP: 6/133 [poisoned by an emperor scorpion]
 51073 | Spider:4 | Reached XP level 18. HP: 139/139 MP: 14/34
 51407 | Spider:4 | Reached skill level 10 in Translocations
 52428 | Shoals:1 | Entered Level 1 of the Shoals
 52462 | Shoals:1 | Identified the +11 falchion of Wapinago {elec, rN+ Will+
                  | Str+7}
 52703 | Shoals:1 | Identified the +0 scale mail of the Evening Star {rN+}
 52745 | Shoals:1 | Reached skill level 15 in Summonings
 53107 | Shoals:1 | Found a runed translucent gate.
 53107 | Shoals:1 | Found a runed translucent gate.
 53107 | Shoals:1 | Found a runed translucent gate.
 53108 | Shoals:1 | Found an opulent altar of Gozag.
 53108 | Shoals:1 | Noticed Jiugiafe's ghost (journeyman MiFi)
 53979 | Shoals:2 | Noticed Ilsuiw
 54034 | Shoals:2 | Killed Ilsuiw
 54938 | Shoals:2 | Noticed Donald
 54947 | Shoals:2 | Learned a level 3 spell: Inner Flame
 54958 | Shoals:2 | Killed Donald
 55651 | Shoals:3 | Found Baarahatz's Jewellery Shop.
 55750 | Shoals:3 | Noticed Polyphemus
 55772 | Shoals:3 | Killed Polyphemus
 56717 | Shoals:4 | Entered Level 4 of the Shoals
 57458 | Shoals:4 | Reached skill level 16 in Summonings
 57755 | Shoals:4 | Identified the +6 quarterstaff "Zulic" {flame, rC+ Str+6
                  | SInv}
 58060 | Shoals:4 | Reached XP level 19. HP: 148/148 MP: 29/35
 58270 | Shoals:4 | Got a barnacled rune of Zot
 58887 | Shoals:4 | Got the Book of Chilling Vitiation
 59425 | Elf:1    | Entered Level 1 of the Elven Halls
 60956 | Elf:1    | Reached skill level 10 in Transmutations
 61502 | Elf:3    | Entered Level 3 of the Elven Halls
 61973 | Elf:2    | Found a runed translucent gate.
 61977 | Elf:2    | Found a runed translucent gate.
 61979 | Elf:2    | Found a runed translucent gate.
 64010 | Elf:2    | HP: 7/148 [+2 antimagic bardiche (33)]
 65232 | Elf:3    | Reached XP level 20. HP: 137/158 MP: 16/37
 65450 | Elf:3    | Noticed Zenata
 65523 | Elf:3    | Paralysed by an air elemental for 1 turns
 65528 | Elf:3    | Paralysed by an air elemental for 1 turns
 65534 | Elf:3    | Paralysed by an air elemental for 1 turns
 65682 | Elf:3    | Killed Zenata
 66063 | Elf:3    | Found Qiptosm's Book Shoppe.
 66318 | Elf:3    | Identified the +8 mace of Peace {vorpal, Str+6}
 66726 | Elf:3    | Identified the amulet of Ru's Grace {rF+ Regen+ Int+2}
 67383 | Elf:3    | Identified the amulet of Xula {Regen+ Str+6}
 67399 | Elf:3    | Identified the +1 leather armour of the Imp {rElec Str-2
                  | Slay-4 SInv}
 68186 | Vaults:1 | Entered Level 1 of the Vaults
 68808 | Vaults:1 | Identified the +1 robe of the Old and Reckless {Str+2
                  | Int+4}
 71126 | Vaults:1 | Identified the +1 hat of Insurance {*Corrode rN++ Regen+}
 71342 | Vaults:2 | Found a runed translucent door.
 71345 | Vaults:2 | Noticed hyperkahler's ghost (veteran MiFi)
 71593 | Vaults:2 | Gained mutation: When low on magic, you restore magic in
                  | place of health. [demonic ancestry]
 71593 | Vaults:2 | Reached XP level 21. HP: 167/167 MP: 34/39
 71689 | Vaults:2 | Found Jiugraed's Distillery.
 71694 | Vaults:2 | Bought a potion of heal wounds for 60 gold pieces
 71694 | Vaults:2 | Bought a potion of might for 48 gold pieces
 71694 | Vaults:2 | Bought a potion of brilliance for 48 gold pieces
 71967 | Vaults:2 | Reached skill level 15 in Fighting
 72428 | Vaults:2 | Noticed Mennas
 72451 | Vaults:2 | Learned a level 3 spell: Tukima's Dance
 72571 | Vaults:2 | Killed Mennas
 74748 | Vaults:2 | Found a staircase to the Crypt.
 75104 | Vaults:3 | Noticed Mara
 75116 | Vaults:3 | Killed Mara
 75264 | Vaults:3 | Noticed Sojobo
 75284 | Vaults:3 | Killed Sojobo
 76179 | Vaults:3 | Noticed Aizul
 76197 | Vaults:3 | Killed Aizul
 76706 | Vaults:4 | Found a crumbling gateway.
 76749 | Desolati | Entered the Desolation of Salt
 76824 | Desolati | Reached skill level 15 in Spellcasting
 77181 | Desolati | Identified the ring "Gorchur" {rF+ AC+4}
 77184 | Desolati | Identified the +0 robe "Jugekiump" {rCorr}
 77644 | Desolati | Gained mutation: When seriously injured, your blood forms
                  | very thick armour. (AC +12) [demonic ancestry]
 77644 | Desolati | Reached XP level 22. HP: 160/175 MP: 29/41
 77708 | Desolati | Identified the amulet "Zoykhe" {Spirit +Blink rF+}
 77715 | Desolati | Identified the +7 falchion "Kouxie" {vorpal, rF+ Int+3
                  | Dex+5}
 77847 | Desolati | Reached skill level 15 in Dodging
 78284 | Desolati | Identified the +1 scale mail "Mousuf" {+Blink Int+2 SInv}
 78296 | Desolati | Identified the +0 scimitar of the Revolution {pain, *Rage
                  | rElec MP-9 Int+10}
 78758 | Desolati | Identified the +9 flail of the Writhing Rat {vorpal, Contam
                  | Will+ Int+2}
 78760 | Desolati | Identified the amulet of Departure {Spirit rC+ rCorr}
 78764 | Desolati | Got the Papyrus of Clay
 80270 | Vaults:4 | Identified the +1 robe of Transparent Lucidity {Slay+3}
 80388 | Vaults:4 | Learned a level 4 spell: Summon Lightning Spire
 80835 | Vaults:2 | Slain by hyperkahler's ghost

Illustrated notes

Levels and vault maps discovered:
D:1:      lemuel_arrival_behind_the_door_small, layout_loops_ring,
          dreamdust_ecumenical_altar_grove
D:2:      layout_loops_ring, uniq_robin, uniq_jessica
D:3:      layout_loops_ring, bloody_makhleb, pf_guarded_unrand_delatra
D:4:      kennysheep_goblin_castle, layout_layer_cave,
          mainiacjoe_overflow_boulevard, uniq_ijyb
D:5:      layout_basic, minmay_temple_entry_junction,
          nicolae_ossuary_entry_catacombs, cheibrodos_sewer_entry_bend,
          uniq_sigmund
D:6:      layout_basic, serial_shops, nicolae_shop_behind_doors,
          serial_corexii_hall, corexii_hall_statues_x, corexii_hall_statues_s,
          uniq_blork_the_orc, uniq_menkaure
D:7:      layout_basic, nicolae_wooded_promenade, uniq_maggie
D:8:      layout_loops_cross
D:9:      layout_long_grid, minmay_misc_feat_pillars
D:10:     layout_cave_pods, mainiacjoe_overflow_big_doors,
          mainiacjoe_overflow_alcove_4, lair_entry_dummy, serial_shops,
          nicolae_shop_hallway_stairs, minmay_variable_closet,
          nzn_sisyphean_effort
D:11:     layout_long_grid, hangedman_ranch
D:12:     layout_long_grid, erik_orc_3
D:13:     layout_long_grid, erik_vaults_1, serial_bayou, serial_bayou_shore_a,
          serial_bayou_lagoon_b, serial_bayou_pond_b, serial_bayou_pond_e,
          special_room [special_room_bee], okawaru_metal_pillars_3
D:14:     lemuel_castle_with_subvaults [lemuel_castle_interior_carwin_3],
          layout_irregular_city, serial_shops, shop, fedhas_altar_fruit_tree,
          portal_ice_cave_entry_pillars_three
D:15:     grunt_enter_depths_magical_seal, layout_rooms, minmay_misc_feat_rugged
Temple:   nicolae_temple_bog_church
Lair:1:   beast_lair_carwin_large_3, layout_chaotic_city,
          chequers_serial_rivers_room_b
Lair:2:   layout_roguey, minmay_shoals_entry_centaurs, spider_nest_entry_a,
          minivault_24, uniq_gastronok, uniq_sonja, uniq_erica
Lair:3:   nzn_winding_woodlands_three_and_one [nzn_winding_woodlands_5x15_eye,
          nzn_winding_woodlands_5x15_longhouse,
          nzn_winding_woodlands_5x15_garden,
          nzn_winding_woodlands_center_lodge], layout_hall_layers, basic_altar,
          nicolae_lair_grazing_beasts [nicolae_sub_lair_graze_edge,
          nicolae_sub_lair_graze_edge, nicolae_sub_lair_graze_edge,
          nicolae_sub_lair_graze_edge]
Lair:4:   layout_layer_cave
Lair:5:   grunt_lair_end_beastmaster, layout_layer_cave,
          nicolae_slime_entry_slimehenge, hangedman_lair_generics_rect
Shoals:1: layout_shoals, ebering_ghost_gozag, nicolae_shoals_so_close
Shoals:2: layout_shoals, uniq_ilsuiw, uniq_donald
Shoals:3: layout_shoals, minmay_shop_enchanted_jewellery,
          nicolae_shoals_this_corrosion, uniq_polyphemus
Shoals:4: shoals_end_hellmonk_lost_city
Spider:1: layout_spider_delve, drop_trap, uniq_roxanne
Spider:2: layout_cave_pods
Spider:3: layout_spider_delve, einodemon_crawler_minivault, uniq_azrael
Spider:4: spider_rune_water, nicolae_spider_webbed_stairs
Orc:1:    layout_caves, basic_altar
Orc:2:    grunt_orc_community_town_hall, layout_caves,
          grunt_orc_community_big_house_2, grunt_orc_community_big_house_2,
          grunt_orc_community_house_1, grunt_orc_community_house_3,
          grunt_orc_community_house_1, grunt_orc_community_house_3,
          grunt_orc_community_house_1, grunt_orc_community_house_3,
          enter_volcano_1, uniq_snorg, uniq_maurice
Elf:1:    eino_elf_arrival_customs, layout_gridlike,
          kennysheep_underground_church, roderic_roman_lattice
Elf:2:    nicolae_elf_blades_splatter_lattice [mumra_blade_entry_bloodbath],
          layout_loops_ring, nicolae_elf_blasts_and_bolts
Elf:3:    elf_hall_gauntlet_narrow, layout_geoelf_octagon, serial_shops,
          nicolae_diamond_shop, uniq_zenata
Vaults:1: ontoclasm_vaults_eye, nicolae_vaults_circle_grid_b,
          ontoclasm_vaults_twist, nicolae_vaults_windows_and_doors_thing,
          v_misc_2, v_misc_10, vaults_room_corners, v_misc_22,
          grunt_vaults_focal, nicolae_vaults_theta, v_misc_33,
          nicolae_vaults_little_squares_4, ontoclasm_vaults_decontamination,
          layout_vaults_maze_bifur
Vaults:2: hellmonk_ghost_big_iron, v_rooms_3, ontoclasm_vaults_bender,
          minmay_crypt_entry_skeletal_spiral, nicolae_vaults_little_squares_5,
          hangedman_vaults_stretched_pinwheel, nicolae_vaults_triangles,
          vaults_dpeg_cross, v_pattern_4, v_alt_pattern_1,
          grunt_vaults_hallway_short, vaults_room_door_ring,
          vaults_room_fancy_cross, hangedman_vaults_trim, layout_vaults_omnibox,
          serial_shops, nicolae_shop_hallway_plus, uniq_mennas
Vaults:3: v_misc_2, v_rooms_4, hangedman_vaults_capsules,
          grunt_vaults_hallway_long, nicolae_vaults_little_squares_2,
          layout_vaults_omnigrid, uniq_sojobo, uniq_aizul, uniq_mara
Vaults:4: portal_desolation_entry_holy_temple, vaults_room_corners,
          nicolae_vaults_network_periphery, v_misc_26, v_alt_pattern_3,
          ontoclasm_vaults_ring_small, v_alt_pattern_2, v_rooms_6,
          vaults_room_grid, nicolae_vaults_little_squares_1,
          nicolae_vaults_little_squares_3, v_misc_5, ontoclasm_vaults_fault,
          layout_vaults_big_cross

Skill      XL: |  1  2  3  4  5  6  7  8  9 10 11 12 13 14 15 16 17 18 19 20 21 22 |
---------------+-------------------------------------------------------------------+-----
Dodging        | 2 3 4 5 6 7 8 9 10 11 12 13 14 15 | 15.4
Stealth        | 2 3 4 5 6 7 8 9 |  9.3
Spellcasting   | 3 4 5 6 7 8 9 10 11 12 13 14 15 | 15.5
Conjurations   | 5 6 7 8 |  8.9
Fighting       | 1 2 4 5 6 7 8 9 10 11 12 13 14 15 | 15.0
Armour         | 1 2 3 4 5 6 7 8 |  8.0
Hexes          | 1 2 4 5 |  5.0
Translocations | 1 3 4 5 6 7 8 9 10 11 13 14 | 14.7
Summonings     | 3 5 7 8 10 11 12 14 16 | 16.8
Fire Magic     | 2 3 5 6 |  6.2
Transmutations | 2 4 5 6 8 9 10 11 13 | 13.7
Shields        | 2 4 5 |  5.0

Action                   |  1- 3 |  4- 6 |  7- 9 | 10-12 | 13-15 | 16-18 | 19-21 | 22-24 || total
-------------------------+-------+-------+-------+-------+-------+-------+-------+-------++-------
Melee: Unarmed           |    34 |       |       |       |       |       |       |       ||    34
       Punch             |     2 |     1 |     7 |       |     2 |       |       |       ||    12
       Dagger            |    30 |    23 |   249 |    78 |   318 |       |       |       ||   698
       Hand axe          |       |       |       |     6 |       |       |       |       ||     6
       Scimitar          |       |       |       |       |    75 |   202 |       |    42 ||   319
       Headbutt          |       |       |       |       |    45 |       |       |       ||    45
       Falchion          |       |       |       |       |       |    77 |   213 |    43 ||   333
       Long sword        |       |       |       |       |       |       |   193 |       ||   193
       War axe           |       |       |       |       |       |       |    47 |    32 ||    79
Throw: Throwing net      |       |       |     3 |       |       |       |       |       ||     3
       Dart              |       |       |     1 |       |       |       |       |       ||     1
 Cast: Magic Dart        |    36 |    85 |    41 |    23 |       |       |       |       ||   185
       Searing Ray       |    16 |    35 |    68 |    26 |     4 |       |       |       ||   149
       Dazzling Flash    |       |       |    19 |     2 |       |       |       |       ||    21
       Foxfire           |       |       |       |   354 |   736 |   757 |   424 |   111 ||  2382
       Summon Guardian G |       |       |       |    72 |   119 |    40 |    12 |       ||   243
       Fulminant Prism   |       |       |       |     9 |    19 |       |     2 |       ||    30
       Iskenderun's Myst |       |       |       |     6 |     2 |     4 |       |       ||    12
       Call Canine Famil |       |       |       |    27 |    52 |    43 |    50 |     8 ||   180
       Irradiate         |       |       |       |       |    25 |    11 |     3 |       ||    39
       Summon Cactus Gia |       |       |       |       |    73 |   150 |   145 |    27 ||   395
       Summon Forest     |       |       |       |       |     8 |    50 |    51 |    16 ||   125
       Summon Mana Viper |       |       |       |       |       |   110 |   198 |    40 ||   348
       Inner Flame       |       |       |       |       |       |     4 |       |     2 ||     6
       Tukima's Dance    |       |       |       |       |       |       |     2 |       ||     2
       Summon Lightning  |       |       |       |       |       |       |       |    12 ||    12
Invok: Potion Petition   |       |       |       |       |     3 |     2 |     5 |     2 ||    12
Evoke: Wand              |       |       |     2 |    15 |     4 |     3 |     8 |       ||    32
       Lightning rod     |       |       |       |       |       |       |     1 |     4 ||     5
       Phantom mirror    |       |       |       |       |       |       |     1 |     1 ||     2
       Box of beasts     |       |       |       |       |       |       |       |     1 ||     1
  Use: Potion            |     1 |       |     4 |     1 |     7 |     6 |    22 |     2 ||    43
       Scroll            |       |     9 |    13 |     6 |    12 |     9 |     9 |       ||    58
 Stab: Sleeping          |       |       |     8 |     3 |     9 |       |    16 |       ||    36
       Invisible         |       |       |     5 |       |       |     5 |     7 |       ||    17
       Held in net/web   |       |       |     2 |       |       |       |       |       ||     2
       Distracted        |       |       |     1 |       |     5 |     6 |    11 |     5 ||    28
       Paralysed         |       |       |     1 |     9 |       |       |     1 |       ||    11
       Petrifying        |       |       |       |       |     2 |       |       |       ||     2
Armor: Robe              |    16 |    17 |   121 |    16 |       |       |       |       ||   170
       Leather armour    |       |       |       |    44 |   188 |   133 |    52 |       ||   417
       Ring mail         |       |       |       |       |       |       |   130 |    17 ||   147
       Scale mail        |       |       |       |       |       |       |       |    18 ||    18
Dodge: Dodged            |    49 |    47 |   272 |   192 |   489 |   368 |   402 |    73 ||  1892
       Repelled          |       |       |     2 |     5 |     9 |     8 |    18 |     7 ||    49
Block: Buckler           |       |       |       |       |   147 |   334 |   345 |    52 ||   878
